 Dungeon Crawl Stone Soup version 0.20.1-1-g8b1a95d (webtiles) character file.

261 Linguinho the Sneak (level 5, -8/38 HPs)
             Began as a Demonspawn Assassin on Oct 30, 2017.
             Mangled by an orc wizard
             ... wielding a +2 dagger of electrocution
              (12 damage)
             ... on level 4 of the Dungeon.
             The game lasted 00:08:44 (3708 turns).

Linguinho the Sneak (Demonspawn Assassin)           Turns: 3708, Time: 00:08:45

Health: -8/38      AC:  3    Str: 12    XL:     5   Next: 96%
Magic:  5/5        EV: 11    Int: 12    God:
Gold:   191        SH:  0    Dex: 15    Spells: 4/4 levels left

rFire    + . .     SeeInvis .   a - +2 dagger
rCold    . . .     Gourm    .   (no shield)
rNeg     . . .     Faith    .   c - +0 robe
rPois    .         Spirit   .   (no helmet)
rElec    .         Reflect  .   d - +0 cloak
rCorr    .         Harm     .   (no gloves)
MR       .....                  (no boots)
Stlth    ++........             (no amulet)
Regen    0.2/turn               (no ring)
MPRegen  0.1/turn               (no ring)

@: confused
A: talons 1, fire resistance 1, spiny 1
a: no special abilities


You were on level 4 of the Dungeon.
You were not hungry.

You visited 1 branch of the dungeon, and saw 4 of its levels.

You collected 191 gold pieces.

Inventory:

Hand Weapons
 a - a +2 dagger (weapon)
 b - a +0 blowgun
Missiles
 e - 23 poisoned needles
 f - 2 curare-tipped needles
Armour
 c - a +0 robe (worn)
 d - a +0 cloak (worn)
 q - a +0 plate armour
 s - a +0 ring mail
 u - a +0 leather armour
 x - a +0 leather armour
Jewellery
 i - an uncursed ring of resist corrosion {unknown}
 t - an uncursed ring of fire {unknown}
 w - an uncursed ring of protection from cold {unknown}
Wands
 y - a wand of polymorph (8/24)
Scrolls
 h - 3 scrolls of remove curse {unknown}
 j - a scroll of noise {unknown}
 k - 2 scrolls of magic mapping {unknown}
 n - a scroll of fog {unknown}
 p - a scroll of teleportation {unknown}
Potions
 l - a potion of flight {unknown}
 m - a potion of agility {unknown}
 o - a potion of ambrosia
 r - a potion of heal wounds {unknown}
Comestibles
 g - 3 bread rations
 v - a meat ration


   Skills:
 - Level 2.0 Fighting
 - Level 1.7 Short Blades
 - Level 1.7 Throwing
 - Level 0.8 Dodging
 + Level 7.1 Stealth


You had 4 spell levels left.
You didn't know any spells.

Dungeon Overview and Level Annotations

Branches:
Dungeon (4/15)
 Temple: D:4-7

Altars:
Cheibriados
Xom


Innate Abilities, Weirdness & Mutations

You have sharp toenails.
Your flesh is heat resistant. (rF+)
You are partially covered in sharp spines.


Message History

You are more confused.
The orc wizard hits you but does no damage.
You hit something.
You feel less invigorated. Something hits you.
The orc wizard is struck by your spines.
The orc wizard hits you with a dagger of electrocution.
You barely miss something.
Reactivating autopickup.
Your Stealth skill increases to level 7!
You feel a bit more experienced.
The orc wizard hits you but does no damage.
You are electrocuted!
* * * LOW HITPOINT WARNING * * *
Things that are here:
a dagger; a robe You bump into the rock wall.
The orc wizard barely misses you.
You bump into the rock wall.
The orc wizard is struck by your spines.
The orc wizard hits you but does no damage.
You are electrocuted!
You die...

############
#@)........#
#o########)######
#.# #......ooo.
#.# #<#.#######
#.# #....#.# ...
#.o...o.
..#...o....###
.....#......#
..##.........#


You could see an orc wizard.

Vanquished Creatures
  A crimson imp (D:2)
  2 orc priests
  An orc wizard (D:4)
  4 adders
  An ooze (D:3)
  6 worms
  4 dart slugs
  A leopard gecko (D:2)
  7 orcs
  2 ball pythons
  9 bats
  4 giant cockroaches
  6 hobgoblins
  6 jackals
  7 kobolds
  2 frilled lizards
  7 goblins
  3 rats
73 creatures vanquished.

Notes
Turn   | Place    | Note
-------+----------+-------------------------------------------
     0 | D:1      | Linguinho the Demonspawn Assassin began the quest for the Orb.
     0 | D:1      | Reached XP level 1. HP: 16/16 MP: 1/1
   223 | D:1      | Reached skill level 4 in Stealth
   266 | D:1      | Gained mutation: You have sharp toenails. [demonic ancestry]
   266 | D:1      | Reached XP level 2. HP: 19/22 MP: 2/2
   555 | D:2      | Found a shimmering altar of Xom.
   639 | D:2      | Gained mutation: Your flesh is heat resistant. (rF+) [demonic ancestry]
   639 | D:2      | Reached XP level 3. HP: 16/27 MP: 3/3
   988 | D:2      | Reached skill level 5 in Stealth
  1062 | D:2      | HP: 1/27 [worm (11)]
  1769 | D:2      | Found a snail-covered altar of Cheibriados.
  1774 | D:2      | Gained mutation: You are partially covered in sharp spines. [demonic ancestry]
  1774 | D:2      | Reached XP level 4. HP: 33/33 MP: 4/4
  2421 | D:3      | Noticed Grinder
  2421 | D:3      | Paralysed by Grinder for 2 turns
  2444 | D:3      | Paralysed by Grinder for 2 turns
  2733 | D:2      | Paralysed by Grinder for 2 turns
  3106 | D:3      | Reached skill level 6 in Stealth
  3277 | D:3      | Reached XP level 5. HP: 38/38 MP: 5/5
  3617 | D:2      | Noticed Grinder
  3617 | D:2      | Grinder changed into Grinder the crimson imp
  3630 | D:2      | Killed Grinder the crimson imp
  3705 | D:4      | Reached skill level 7 in Stealth
  3708 | D:4      | Mangled by an orc wizard

Skill      XL: |  1  2  3  4  5 |
---------------+----------------+-----
Stealth        | 4 5 6 7 |  7.1
Fighting       | |  2.0
Short Blades   | |  1.7
Throwing       | |  1.7
Dodging        | |  0.8

Action                   |  1- 3 |  4- 6 || total
-------------------------+-------+-------++-------
Melee: Dagger            |   104 |   101 ||   205
       Kick              |    18 |    32 ||    50
Evoke: Wand              |       |     2 ||     2
  Use: Potion            |       |     1 ||     1
 Stab: Sleeping          |     8 |    11 ||    19
       Distracted        |       |     2 ||     2
  Eat: Chunk             |     2 |     2 ||     4
       Bread ration      |       |     1 ||     1
Armor: Robe              |    21 |    18 ||    39
Dodge: Dodged            |    37 |    35 ||    72
